 Dungeon Crawl Stone Soup version 0.25-a0-98-g0cf78c2f83 (console) character file.

Game seed: 13407750321868295216, levelgen mode: deterministic

30094 Kagalorn the Thaumaturge (level 13, -4/97 (98) HPs)
             Began as a Gnoll Wizard on Nov 13, 2019.
             Was a High Priest of Cheibriados.
             Slain by Cuollip's ghost (12 damage)
             ... on level 4 of the Lair of Beasts.
             The game lasted 01:08:23 (17076 turns).

Kagalorn the Thaumaturge (Gnoll Wizard)            Turns: 17076, Time: 01:08:23

HP:   -4/97 (98)    AC: 10    Str: 24    XL:     13   Next: 49%
MP:   14/27         EV: 23    Int: 45    God:    Cheibriados [*****.]
Gold: 1052          SH:  8    Dex: 30    Spells: 24/33 levels left

rFire    . . .     SeeInvis .   a - +5 rapier {flame, MR+ Int+6}
rCold    + . .     Gourm    .   Z - +0 buckler
rNeg     + . .     Faith    .   T - +2 robe {rC+}
rPois    .         Spirit   .   b - +2 helmet
rElec    .         Reflect  .   t - scarf {cloud immunity}
rCorr    .         Harm     .   c - +0 pair of gloves
MR       +....                  C - +0 pair of boots
Stlth    +++++.....             (no amulet)
HPRegen  0.26/turn              q - ring of positive energy
MPRegen  0.20/turn              h - +2 ring of dexterity

@: very slow
A: distributed training, fangs 1, strong nose
a: Bend Time, Temporal Distortion, Slouch, Step From Time, Renounce Religion


You were on level 4 of the Lair of Beasts.
You worshipped Cheibriados.
Cheibriados was extremely pleased with you.
You were hungry.

You visited 3 branches of the dungeon, and saw 16 of its levels.
You also visited: Bailey.

You collected 1052 gold pieces.

Inventory:

Hand Weapons
 a - the +5 rapier of Gukuitin (weapon) {flame, MR+ Int+6}
   (You found it in a bailey)

   It has been specially enchanted to burn those struck by it, causing extra
   injury to most foes and up to half again as much damage against particularly
   susceptible opponents.
   It affects your intelligence (+6).
   It affects your resistance to hostile enchantments.
 y - a +2 whip of venom
 J - a +1 vampiric war axe
 Y - a +3 war axe of chopping
Missiles
 e - 9 javelins (quivered)
 g - 23 poisoned darts
 i - 400 stones
 m - 283 arrows
 p - 206 sling bullets
 u - 60 bolts
 V - 3 throwing nets
Armour
 b - a +2 helmet (worn)
 c - a +0 pair of gloves (worn)
 t - a scarf of cloud immunity (worn)
 C - a +0 pair of boots (worn)
 T - a +2 robe of cold resistance (worn)
 Z - a +0 buckler (worn)
Magical Staves
 R - an uncursed staff of earth
Jewellery
 h - a +2 ring of dexterity (right hand)
 q - a ring of positive energy (left hand)
 r - an uncursed ring of ice
 A - an uncursed ring of ice
 N - an uncursed ring of ice
 O - a cursed -4 ring of dexterity
Wands
 I - a wand of disintegration (55)
 P - a wand of iceblast (21)
 S - a wand of acid (9)
 U - a wand of flame (22)
Scrolls
 f - 6 scrolls of teleportation
 j - 2 scrolls of blinking
 k - 7 scrolls of remove curse
 o - 3 scrolls of amnesia
 v - 3 scrolls of fear
 w - 4 scrolls of enchant weapon
 x - 2 scrolls of magic mapping
 G - a scroll of identify
 H - a scroll of fog
 Q - a scroll of enchant armour
Potions
 l - 8 potions of curing
 n - 5 potions of flight
 s - 3 potions of lignification
 z - 8 potions of heal wounds
 B - 2 potions of might
 D - 3 potions of cancellation
 E - 2 potions of agility
 F - a potion of brilliance
 K - a potion of mutation
 X - a potion of resistance
Miscellaneous
 L - a lightning rod (4/4)
 M - a box of beasts
 W - a phantom mirror
Comestibles
 d - 17 rations


   Skills:
 + Level 8.2 Fighting
 + Level 8.2 Short Blades
 + Level 8.2 Long Blades
 + Level 8.2 Axes
 + Level 8.2 Maces & Flails
 + Level 8.2 Polearms
 + Level 8.2 Staves
 + Level 8.2 Slings
 + Level 8.2 Bows
 + Level 8.2 Crossbows
 + Level 8.2 Throwing
 + Level 8.2 Armour
 + Level 9.4 Dodging
 + Level 9.2 Stealth
 + Level 8.2 Shields
 + Level 8.2 Unarmed Combat
 + Level 10.8 Spellcasting
 + Level 7.2 Conjurations
 + Level 6.8 Hexes
 + Level 6.8 Charms
 + Level 7.2 Summonings
 + Level 6.8 Necromancy
 + Level 7.2 Translocations
 + Level 6.8 Transmutations
 + Level 6.8 Fire Magic
 + Level 6.8 Ice Magic
 + Level 6.8 Air Magic
 + Level 6.8 Earth Magic
 + Level 6.8 Poison Magic
 + Level 9.0 Invocations
 + Level 8.2 Evocations


You had 24 spell levels left.
You knew the following spells:

 Your Spells              Type           Power        Failure   Level  Hunger
a - Magic Dart            Conj           ####         1%          1    None
c - Conjure Flame         Conj/Fire      ######..     1%          3    None
e - Mephitic Cloud        Conj/Pois/Air  ######..     1%          3    None
g - Blink                 Tloc           N/A          1%          2    None

Your spell library contained the following spells:

 Spells                   Type           Power        Failure   Level  Hunger
 Freeze                   Ice            ####         1%          1    None
 Shock                    Conj/Air       ####         1%          1    None
 Call Imp                 Summ           ######..     1%          2    None
 Slow                     Hex            ######..     1%          2    None
 Swiftness                Chrm/Air       ######..     1%          2    None
 Throw Frost              Conj/Ice       ######       1%          2    None
 Ozocubu's Armour         Chrm/Ice       ######..     1%          3    None
 Static Discharge         Conj/Air       ######..     1%          3    None
 Airstrike                Air            ######....   1%          4    None
 Summon Ice Beast         Ice/Summ       ######..     1%          4    None
 Throw Icicle             Conj/Ice       ######..     1%          4    None
 Lightning Bolt           Conj/Air       ######....   1%          5    None


Dungeon Overview and Level Annotations

Branches:
Dungeon (11/15)            Temple (1/1) D:7            Lair (4/6) D:11
  Swamp (0/4) Lair:2       Spider (0/4) Lair:4          Orc (0/2) D:11
 Bailey (visited)

Altars:
Ashenzari
Cheibriados
Dithmenos
Elyvilon
Fedhas
Gozag
Hepliaklqana
Kikubaaqudgha
Makhleb
Nemelex Xobeh
Okawaru
Qazlal
Ru
Sif Muna
Trog
Uskayaw
Vehumet
Wu Jian
Xom
Yredelemnul
Zin
The Shining One

Shops:
D:8 [

Annotations:
Lair:1 exclusion: 2 oklob plants
Lair:4 Cuollip's ghost, journeyman VSTm


Innate Abilities, Weirdness & Mutations

Your experience applies equally to all skills.
You have very sharp teeth.
Your uncanny sense of smell can sniff out nearby items.


Message History

Confirm with . or Enter, or press ? or * to list all spells.
Aiming: Conjure Flame (safe; 1% risk of failure)
Press: ? - help, Dir - move target cursor The fire ignites!
Cuollip's ghost whispers, "Soon you will have time, lots of time..."
You block Cuollip's ghost's attack.
You see here a scroll of immolation.
Press: ? - help, v - describe, . - travel, g - get item
Here: Cuollip's ghost (moderately damaged) 20 stones.
The floor, spattered with blood.
Unknown command.
Casting: Conjure Flame (safe; 1% risk of failure)
Confirm with . or Enter, or press ? or * to list all spells.
You blink.
Cuollip's ghost is engulfed in blazing flames.
Cuollip's ghost hits you.
* * * LOW HITPOINT WARNING * * *
Cuollip's ghost hits you!
You die...

# ### # ###.##### ## #.......#
.## ### #.#....## ..###
##.#####....# ....##.
#..#§§§#P...# .......#
#.@W(?§#....# .......P##
####..#§§§#....#
..........##....######....#
....##.....###..# ##.##...###
.#### ##P.P###..# #..#......# ##
#........## #.........### ###
#.#.....### ##.#........# ..###
#.....###### #.#........#
...P###......#.##.##.#........##


You could see Cuollip's ghost.

Vanquished Creatures
  Fannar (Lair:2)
  Harold (D:9)
  6 hydras
  A catoblepas (Lair:4)
  A two-headed ogre (D:9)
  A fire crab (D:11)
  An orc knight (Bailey)
  2 cyclopes (D:11)
  An oklob plant (D:11)
  6 elephants (Lair:2)
  Joseph (Lair:1)
  4 spiny frogs (Lair:1)
  2 black mambas
  A rime drake (Lair:4)
  4 komodo dragons
  3 trolls
  5 jumping spiders (Lair:4)
  A polar bear (Lair:4)
  8 blink frogs
  6 hippogriffs
  4 redbacks (Lair:4)
  A human (D:7)
  2 wyverns (Lair:1)
  22 yaks
  A basilisk (Lair:4)
  3 hungry ghosts
  4 hogs
  Edmund (D:4)
  A swamp worm (Lair:2)
  7 water moccasins
  3 porcupines
  5 ice beasts
  A black bear (D:10)
  A hornet zombie (D:6)
  A phantom (D:5)
  A necrophage (D:11)
  6 orc warriors
  6 sky beasts
  3 ogres (D:11)
  4 centaurs
  4 crocodiles
  4 big kobolds
  A gnoll sergeant (D:11)
  6 bullfrogs
  A wyvern skeleton (D:10)
  3 scorpions
  14 killer bees
  3 wights (D:11)
  A centaur zombie (D:8)
  2 crimson imps
  6 hounds
  2 jellies
  3 bullfrog zombies
  6 orc priests
  3 iguanas
  5 orc wizards
  14 worker ants
  Terence (D:3)
  A hound zombie (D:6)
  2 hound skeletons
  3 worker ant zombies
  Robin (D:4)
  6 gnolls (D:11)
  10 adders
  3 shadow imps
  A worm (D:3)
  2 dart slugs (D:2)
  6 leopard geckos
  38 orcs
  5 giant cockroaches
  9 hobgoblins
  7 jackals
  4 quokkas
  5 ball pythons
  6 bats
  5 frilled lizards
  17 goblins
  20 kobolds
  A leopard gecko skeleton (D:6)
  A leopard gecko zombie (D:6)
  A quokka skeleton (D:5)
  3 quokka zombies
  7 rats
  A plant (D:11)
377 creatures vanquished.

Vanquished Creatures (collateral kills)
  A killer bee (D:7)
1 creature vanquished.

Grand Total: 378 creatures vanquished

Notes
Turn   | Place    | Note
-------+----------+-------------------------------------------
     0 | D:1      | Kagalorn the Gnoll Wizard began the quest for the Orb.
     0 | D:1      | Reached XP level 1. HP: 13/13 MP: 8/8
   128 | D:1      | Reached XP level 2. HP: 14/19 MP: 1/10
   487 | D:1      | Learned a level 2 spell: Blink
   773 | D:2      | Reached XP level 3. HP: 25/25 MP: 3/11
   811 | D:2      | Reached skill level 1 in Invocations
  1017 | D:2      | Reached skill level 1 in Fighting
  1017 | D:2      | Reached skill level 1 in Short Blades
  1017 | D:2      | Reached skill level 1 in Long Blades
  1017 | D:2      | Reached skill level 1 in Axes
  1017 | D:2      | Reached skill level 1 in Maces & Flails
  1017 | D:2      | Reached skill level 1 in Polearms
  1017 | D:2      | Reached skill level 1 in Staves
  1017 | D:2      | Reached skill level 1 in Slings
  1017 | D:2      | Reached skill level 1 in Bows
  1017 | D:2      | Reached skill level 1 in Crossbows
  1017 | D:2      | Reached skill level 1 in Throwing
  1017 | D:2      | Reached skill level 1 in Armour
  1017 | D:2      | Reached skill level 1 in Shields
  1017 | D:2      | Reached skill level 1 in Unarmed Combat
  1017 | D:2      | Reached skill level 1 in Evocations
  1061 | D:2      | Reached XP level 4. HP: 32/32 MP: 5/13
  1073 | D:2      | Found an ancient bone altar of Kikubaaqudgha.
  1333 | D:3      | Noticed Terence
  1357 | D:2      | Learned a level 3 spell: Conjure Flame
  1361 | D:2      | Learned a level 3 spell: Mephitic Cloud
  1466 | D:3      | Reached skill level 1 in Hexes
  1466 | D:3      | Reached skill level 1 in Charms
  1466 | D:3      | Reached skill level 1 in Necromancy
  1466 | D:3      | Reached skill level 1 in Transmutations
  1466 | D:3      | Reached skill level 1 in Fire Magic
  1466 | D:3      | Reached skill level 1 in Ice Magic
  1466 | D:3      | Reached skill level 1 in Air Magic
  1466 | D:3      | Reached skill level 1 in Earth Magic
  1466 | D:3      | Reached skill level 1 in Poison Magic
  1613 | D:3      | Reached XP level 5. HP: 20/37 MP: 5/14
  1738 | D:3      | You fall into a shaft and drop 3 floors!
  1745 | D:5      | Entered Level 5 of the Dungeon
  1748 | D:5      | Found a glowing silver altar of Zin.
  1838 | D:6      | Reached XP level 6. HP: 8/44 MP: 12/16
  2200 | D:5      | Reached skill level 5 in Dodging
  2279 | D:5      | Noticed a phantom
  2563 | D:4      | Found a shimmering altar of Xom.
  2690 | D:4      | Found an opulent altar of Gozag.
  2694 | D:4      | Noticed Edmund
  2702 | D:4      | Noticed Robin
  3104 | D:3      | Killed Terence
  3391 | D:4      | Killed Robin
  3416 | D:4      | Reached XP level 7. HP: 20/50 MP: 7/18
  3528 | D:4      | Killed Edmund
  4204 | D:5      | Reached skill level 5 in Stealth
  4553 | D:5      | Found a shadowy altar of Dithmenos.
  4612 | D:5      | Reached XP level 8. HP: 55/57 MP: 6/19
  4801 | D:5      | Found a hide-covered altar of Uskayaw.
  5016 | D:5      | Found a radiant altar of Vehumet.
  5016 | D:5      | Found a sparkling altar of Nemelex Xobeh.
  5594 | D:6      | Found a stormy altar of Qazlal.
  5880 | D:7      | Got an encrusted whip
  5950 | D:7      | Reached skill level 8 in Spellcasting
  6228 | D:7      | Found a staircase to the Ecumenical Temple.
  6294 | Temple   | Entered the Ecumenical Temple
  6351 | Temple   | Became a worshipper of Cheibriados the Contemplative
  6385 | D:7      | Reached XP level 9. HP: 65/65 MP: 8/21
  6980 | D:7      | Found a hazy altar of Hepliaklqana.
  7319 | D:8      | Reached * piety under Cheibriados
  7658 | D:8      | Reached skill level 5 in Invocations
  7895 | D:8      | Reached XP level 10. HP: 73/73 MP: 6/22
  7995 | D:8      | Reached ** piety under Cheibriados
  8353 | D:8      | Found Diedeixt's Armour Emporium.
  8532 | D:8      | Identified the cursed +1 whip of Disarray {speed, MR+++
                  | Str+3} (You found it on level 7 of the Dungeon)
  8612 | D:9      | Found an ornate altar of the Wu Jian Council.
  8689 | D:9      | Reached skill level 5 in Fighting
  8689 | D:9      | Reached skill level 5 in Short Blades
  8689 | D:9      | Reached skill level 5 in Long Blades
  8689 | D:9      | Reached skill level 5 in Axes
  8689 | D:9      | Reached skill level 5 in Maces & Flails
  8689 | D:9      | Reached skill level 5 in Polearms
  8689 | D:9      | Reached skill level 5 in Staves
  8689 | D:9      | Reached skill level 5 in Slings
  8689 | D:9      | Reached skill level 5 in Bows
  8689 | D:9      | Reached skill level 5 in Crossbows
  8689 | D:9      | Reached skill level 5 in Throwing
  8689 | D:9      | Reached skill level 5 in Armour
  8689 | D:9      | Reached skill level 5 in Shields
  8689 | D:9      | Reached skill level 5 in Unarmed Combat
  8689 | D:9      | Reached skill level 5 in Evocations
  8788 | D:9      | Noticed a two-headed ogre
  8801 | D:9      | Killed a two-headed ogre
  8836 | D:9      | Reached skill level 9 in Spellcasting
  9001 | D:9      | You fall into a shaft and drop 2 floors!
  9049 | D:10     | Entered Level 10 of the Dungeon
  9056 | D:10     | Reached *** piety under Cheibriados
  9066 | D:10     | Reached skill level 5 in Conjurations
  9066 | D:10     | Reached skill level 5 in Summonings
  9066 | D:10     | Reached skill level 5 in Translocations
  9329 | D:10     | Found a flagged portal.
  9338 | Bailey   | Entered a bailey
  9539 | Bailey   | Noticed an orc knight
  9569 | Bailey   | Killed an orc knight
  9615 | Bailey   | Reached XP level 11. HP: 62/80 MP: 2/24
  9619 | Bailey   | Found an iron altar of Okawaru.
  9650 | Bailey   | Got a shimmering rapier
  9690 | D:10     | Reached **** piety under Cheibriados
  9890 | D:10     | Reached skill level 5 in Hexes
  9890 | D:10     | Reached skill level 5 in Charms
  9890 | D:10     | Reached skill level 5 in Necromancy
  9890 | D:10     | Reached skill level 5 in Transmutations
  9890 | D:10     | Reached skill level 5 in Fire Magic
  9890 | D:10     | Reached skill level 5 in Ice Magic
  9890 | D:10     | Reached skill level 5 in Air Magic
  9890 | D:10     | Reached skill level 5 in Earth Magic
  9890 | D:10     | Reached skill level 5 in Poison Magic
 10662 | D:9      | Noticed Harold
 10674 | D:9      | Killed Harold
 10749 | D:9      | Found a blossoming altar of Fedhas.
 11161 | D:11     | Reached ***** piety under Cheibriados
 11244 | D:11     | Found a bloodstained altar of Trog.
 11326 | D:11     | Found a staircase to the Orcish Mines.
 11380 | D:11     | Identified the +5 rapier of Gukuitin {flame, MR+ Int+6}
                  | (You found it in a bailey)
 11752 | D:11     | Noticed a fire crab
 11754 | D:11     | Noticed a cyclops
 11755 | D:11     | Noticed a cyclops
 11758 | D:11     | Killed a cyclops
 11764 | D:11     | Killed a fire crab
 11765 | D:11     | Killed a cyclops
 12105 | D:11     | Reached XP level 12. HP: 88/88 MP: 21/25
 12146 | D:11     | Found a staircase to the Lair.
 12551 | D:11     | HP: 4/88 [acid (12)]
 13012 | Lair:1   | Entered Level 1 of the Lair of Beasts
 13012 | Lair:1   | Noticed a six-headed hydra
 13020 | Lair:1   | Killed a six-headed hydra
 13020 | Lair:1   | Reached skill level 10 in Spellcasting
 13366 | Lair:1   | Noticed Joseph
 13377 | Lair:1   | Killed Joseph
 13389 | Lair:1   | Noticed a four-headed hydra
 13394 | Lair:1   | Killed a four-headed hydra
 14626 | Lair:2   | Noticed a four-headed hydra
 14640 | Lair:2   | Noticed an eight-headed hydra
 14645 | Lair:2   | Killed an eight-headed hydra
 14655 | Lair:2   | Killed a four-headed hydra
 14655 | Lair:2   | Reached XP level 13. HP: 33/97 MP: 23/27
 14898 | Lair:2   | Found a staircase to the Swamp.
 15129 | Lair:2   | Noticed Fannar
 15142 | Lair:2   | Killed Fannar
 15854 | Lair:3   | Identified 3 scrolls of acquirement
 16513 | Lair:4   | Reached ****** piety under Cheibriados
 16843 | Lair:4   | Found a hole to the Spider Nest.
 17018 | Lair:4   | Found a runed translucent door.
 17020 | Lair:4   | Noticed Cuollip's ghost (journeyman VSTm)
 17076 | Lair:4   | Slain by Cuollip's ghost

Levels and vault maps discovered:
D:1:      dpeg_arrival_refuge, layout_basic, serial_glass, glass_columns_c,
          glass_columns_c, glass_columns_b, glass_columns_b, glass_columns_a,
          glass_columns_a
D:2:      layout_rooms, nicolae_overflow_crystal_walls, first_ration
D:3:      layout_basic, serial_curves, eino_curves_04, eino_curves_03,
          uniq_terence
D:4:      layout_basic, nicolae_gozag_seed_capital, lemuel_crystal_altar,
          uniq_edmund, uniq_robin
D:5:      layout_loops_cross, nicolae_overflow_hidden_temple,
          amethyst_overflow_temple_binary, marbit_many_paths,
          grunt_dithmenos_smoke_and_mirrors
D:6:      layout_rooms, nicolae_qazlal_eye_of_the_storm
D:7:      layout_cave_pools, old_standard_altar, minmay_temple_entry_grid,
          grunt_livestock
D:8:      layout_loops_ring, serial_shops, nicolae_shop_behind_doors
D:9:      layout_rooms, basic_altar, fedhas_altar_4, uniq_harold
D:10:     layout_stronghold, enter_bailey_2
D:11:     cheibrodos_barr_body, layout_irregular_city, dpeg_oklobed_lair,
          kennysheep_orc_monster_closet_entryway, bloody_trog
Temple:   nicolae_temple_god_jail
Lair:1:   layout_misc_corridors, special_room, grunt_megastairs_5,
          infiniplex_staircase_pool_2, lemuel_fruit_tree,
          minmay_lair_oklob_chamber, uniq_joseph
Lair:2:   layout_big_grid, palyth_hydra_swamp_entry, uniq_fannar
Lair:3:   layout_cave_pods
Lair:4:   layout_gridlike, nicolae_spider_entry_tight_spaces,
          ebering_ghost_inner_flame, grunt_megastairs_1

Skill      XL: |  1  2  3  4  5  6  7  8  9 10 11 12 13 |
---------------+----------------------------------------+-----
Conjurations   | 2 3 4 5 6 7 |  7.2
Summonings     | 2 3 4 5 6 7 |  7.2
Translocations | 2 3 4 5 6 7 |  7.2
Invocations    | 1 2 3 4 5 6 7 8 9 |  9.0
Fighting       | 1 2 3 4 5 6 7 8 |  8.2
Short Blades   | 1 2 3 4 5 6 7 8 |  8.2
Long Blades    | 1 2 3 4 5 6 7 8 |  8.2
Axes           | 1 2 3 4 5 6 7 8 |  8.2
Maces & Flails | 1 2 3 4 5 6 7 8 |  8.2
Polearms       | 1 2 3 4 5 6 7 8 |  8.2
Staves         | 1 2 3 4 5 6 7 8 |  8.2
Slings         | 1 2 3 4 5 6 7 8 |  8.2
Bows           | 1 2 3 4 5 6 7 8 |  8.2
Crossbows      | 1 2 3 4 5 6 7 8 |  8.2
Throwing       | 1 2 3 4 5 6 7 8 |  8.2
Armour         | 1 2 3 4 5 6 7 8 |  8.2
Shields        | 1 2 3 4 5 6 7 8 |  8.2
Unarmed Combat | 1 2 3 4 5 6 7 8 |  8.2
Evocations     | 1 2 3 4 5 6 7 8 |  8.2
Hexes          | 1 2 3 4 5 6 |  6.8
Charms         | 1 2 3 4 5 6 |  6.8
Necromancy     | 1 2 3 4 5 6 |  6.8
Transmutations | 1 2 3 4 5 6 |  6.8
Fire Magic     | 1 2 3 4 5 6 |  6.8
Ice Magic      | 1 2 3 4 5 6 |  6.8
Air Magic      | 1 2 3 4 5 6 |  6.8
Earth Magic    | 1 2 3 4 5 6 |  6.8
Poison Magic   | 1 2 3 4 5 6 |  6.8
Dodging        | 5 6 7 8 9 |  9.4
Stealth        | 5 6 7 8 9 |  9.2
Spellcasting   | 8 9 10 | 10.8

Action                   |  1- 3 |  4- 6 |  7- 9 | 10-12 | 13-15 || total
-------------------------+-------+-------+-------+-------+-------++-------
Melee: Unarmed           |     6 |       |       |       |       ||     6
       Spear             |     4 |    70 |     5 |       |       ||    79
       Bite              |     1 |     4 |     6 |   120 |    21 ||   152
       Flail             |       |       |    91 |   225 |       ||   316
       Punch             |       |       |     3 |     9 |     4 ||    16
       Rapier            |       |       |       |   229 |   101 ||   330
 Fire: Shortbow          |       |       |       |    15 |       ||    15
Throw: Dart              |       |     3 |    31 |       |       ||    34
       Javelin           |       |       |       |     2 |       ||     2
 Cast: Magic Dart        |    66 |   150 |   280 |   293 |    14 ||   803
       Conjure Flame     |       |     7 |    15 |    35 |     7 ||    64
       Blink             |       |     1 |       |     4 |     6 ||    11
       Mephitic Cloud    |       |     3 |     9 |    18 |       ||    30
Invok: Slouch            |       |       |       |     1 |     1 ||     2
Evoke: Wand              |       |       |       |     3 |       ||     3
  Use: Scroll            |       |     5 |       |    21 |     6 ||    32
       Potion            |       |     1 |       |       |       ||     1
 Stab: Sleeping          |     2 |     1 |     1 |     4 |     7 ||    15
       Confused          |       |     4 |     4 |    18 |       ||    26
       Distracted        |       |       |       |     1 |       ||     1
  Eat: Chunk             |       |     4 |     6 |     5 |     4 ||    19
       Ration            |       |     1 |     2 |     2 |       ||     5
Armor: Ring mail         |     6 |    51 |    91 |   153 |     3 ||   304
       Robe              |       |       |       |       |    18 ||    18
Dodge: Dodged            |    18 |    97 |   168 |   497 |    79 ||   859
Block: Buckler           |       |       |       |    31 |    25 ||    56

Table legend:
 A = Non-vault XP
 B = Vault XP
 C = Vault XP percentage of total XP
 D = Non-vault monster count
 E = Vault monster count
 F = Vault count percentage of total count
                 A         B        C        D         E       F
            +---------+---------+-------+---------+---------+-------
      Total |   26537 |   16455 |  38.3 |     278 |      99 |  26.3
            +---------+---------+-------+---------+---------+-------
        D:1 |      30 |       0 |   0.0 |      18 |       0 |   0.0
        D:2 |      71 |       0 |   0.0 |      22 |       0 |   0.0
        D:3 |     144 |      34 |  19.1 |      26 |       2 |   7.1
        D:4 |     138 |     203 |  59.5 |      10 |      12 |  54.5
        D:5 |     867 |       0 |   0.0 |      25 |       0 |   0.0
        D:6 |     456 |     185 |  28.9 |      12 |       1 |   7.7
        D:7 |     643 |     791 |  55.2 |      19 |       4 |  17.4
        D:8 |    1722 |       0 |   0.0 |      29 |       0 |   0.0
        D:9 |    1778 |     997 |  35.9 |      11 |       1 |   8.3
       D:10 |    5307 |       0 |   0.0 |      36 |       0 |   0.0
       D:11 |    1371 |    3954 |  74.3 |      30 |      38 |  55.9
     Lair:1 |    5167 |     616 |  10.7 |      13 |       2 |  13.3
     Lair:2 |    5755 |    3590 |  38.4 |      17 |       6 |  26.1
     Lair:3 |    1978 |       0 |   0.0 |       5 |       0 |   0.0
     Lair:4 |    1110 |    5174 |  82.3 |       5 |      17 |  77.3
     Bailey |       0 |     911 | 100.0 |       0 |      16 | 100.0
            +---------+---------+-------+---------+---------+-------
